 Dungeon Crawl Stone Soup version 0.28-a0-730-g892d06dc2c (webtiles) character file.

Game seed: 14679355023515107754

88 cheechan the Slasher (level 4, 0/43 (44) HPs)
             Began as a Naga Chaos Knight on Oct 28, 2021.
             Was a Plaything of Xom.
             Slain by a goblin (1 damage)
             ... led by Robin
             ... on level 2 of the Dungeon.
             The game lasted 00:03:19 (692 turns).

cheechan the Slasher (Naga Chaos Knight)             Turns: 692, Time: 00:03:21

HP:   0/43 (44)     AC:  5    Str: 12 (15) XL:     4   Next: 54%
MP:   4/4           EV:  9    Int:  9 (12) God:    Xom [....*.]
Gold: 13            SH:  0    Dex: 10 (11) Spells: 3/3 levels left

rFire   . . .      SeeInvis +   a - +1 falchion (chaos)
rCold   . . .      Faith    .   (no shield)
rNeg    + . .      Spirit   .   b - +2 leather armour
rPois   +          Reflect  .   (no helmet)
rElec   .          Harm     .   (no cloak)
rCorr   .          Rampage  .   (no gloves)
Will    .....                   (no barding)
Stlth   +.........              (no amulet)
HPRegen 0.14/turn               f - ring of positive energy
MPRegen 0.09/turn               (no ring)

@: lightly drained, very slow
A: AC +1, large, see invisible, deformed body, poison resistance, slowness 2,
spit poison 1, naga tail 1
a: Spit Poison, Renounce Religion


You were on level 2 of the Dungeon.
You worshipped Xom.
You were a beloved toy of Xom.
You visited 1 branch of the dungeon, and saw 2 of its levels.

You collected 13 gold pieces.

Inventory:

Hand Weapons
 a - a +1 falchion of chaos (weapon)
Missiles
 d - 28 sling bullets
 k - 7 poisoned darts
Armour
 b - a +2 leather armour (worn)
Magical Staves
 e - a staff of fire
Jewellery
 f - a ring of positive energy (left hand)
Scrolls
 g - a scroll of identify {unknown}
 i - a scroll of fear {unknown}
Potions
 h - a potion of degeneration
 j - a potion of curing {unknown}


   Skills:
 + Level 3.7 Fighting
 + Level 3.8 Long Blades
 + Level 2.3 Armour
 + Level 1.1 Dodging


You had 3 spell levels left.
You didn't know any spells.
Your spell library was empty.

Dungeon Overview and Level Annotations

Branches:
Dungeon (2/15)

Altars:


Innate Abilities, Weirdness & Mutations

Your serpentine skin is tough. (AC +1)
You have supernaturally acute eyesight. (SInv)
Armour fits poorly on your strangely shaped body.
Your system is resistant to poisons. (rPois)
You cover ground very slowly.
You can spit poison.
You have a snake-like lower body.


Message History

* * * LOW HITPOINT WARNING * * *
You partially resist.
You feel drained. The goblin hits you with a +0 dagger.
* * * LOW HITPOINT WARNING * * *
The goblin hits you but does no damage. The goblin hits you with a +0 dagger.
* * * LOW HITPOINT WARNING * * *
The goblin hits you but does no damage. You partially resist.
The goblin barely misses you.
Things that are here:
a ball python corpse; a hobgoblin corpse You slash the goblin!
You kill the goblin!
The frilled lizard barely misses you. The goblin hits you with a +0 club.
* * * LOW HITPOINT WARNING * * *
The goblin hits you but does no damage. The goblin hits you with a +0 dagger.
* * * LOW HITPOINT WARNING * * *
You miss the goblin.
The frilled lizard completely misses you.
The goblin barely misses you. The goblin hits you but does no damage.
The goblin barely misses you.
You closely miss the goblin.
The frilled lizard bites you but does no damage.
The goblin barely misses you.
The goblin hits you but does no damage. x2
The frilled lizard bites you.
* * * LOW HITPOINT WARNING * * *
You hit the goblin.
The goblin is severely wounded.
The goblin hits you but does no damage. The goblin hits you with a +0 dagger.
* * * LOW HITPOINT WARNING * * *
The goblin hits you but does no damage.
The frilled lizard hisses.
The frilled lizard bites you but does no damage.
The goblin hits you with a +0 club.
* * * LOW HITPOINT WARNING * * *
It was a potion of degeneration.
There was something very wrong with that liquid.
You feel weakened.
You feel dopey.
You feel clumsy.
Xom is amused.
The goblin hits you with a +0 dagger.
You die... "I guess I need a new plaything now."

###...##.⌠........ #
###...⌠..#.....#....
#.###.....†..##........⌠
#.............#.........
#.⌠........##........
#.....#..$..#..⌠...##
##........⌠.##...###.
#.glg.......#.###...
##g@).....#####.....
#.)⌠)..### ......
##.).### .⌠.... #.###
.....# #.# #..... #..
#..... ##. ##.... .
#..⌠. #. ##...


You could see 3 goblins and a frilled lizard.

Vanquished Creatures
  Robin (D:2)
  5 adders (D:2)
  A dart slug (D:2)
  3 ball pythons (D:2)
  4 bats
  A giant cockroach (D:2)
  6 goblins (D:2)
  4 hobgoblins
  A kobold (D:1)
  A quokka (D:2)
  A frilled lizard (D:1)
  3 rats
31 creatures vanquished.

Notes
Turn   | Place    | Note
-------+----------+-------------------------------------------
     0 | D:1      | cheechan the Naga Chaos Knight began the quest for the Orb.
     0 | D:1      | Reached XP level 1. HP: 21/21 MP: 1/1
   160 | D:1      | XOM: smoke on damage
   202 | D:1      | XOM: divination: detect creatures
   237 | D:1      | Reached XP level 2. HP: 18/28 MP: 2/2
   336 | D:2      | Reached XP level 3. HP: 21/34 MP: 3/3
   462 | D:2      | XOM: 8-stop teleportation journey
   601 | D:2      | Reached skill level 1 in Dodging
   601 | D:2      | Reached XP level 4. HP: 42/44 MP: 4/4
   644 | D:2      | Noticed Robin
   661 | D:2      | Killed Robin
   691 | D:2      | HP: 2/43 [goblin[Robin] (1)]
   692 | D:2      | Slain by a goblin

Illustrated notes

Levels and vault maps discovered:
D:1:      dpeg_arrival_chambers_temple_mockup, layout_loops_ring,
          dreamdust_ecumenical_altar_statues, chequers_serial_rivers_large_a
D:2:      minmay_skewed_foursquare, layout_rooms, serial_shops,
          nicolae_shop_statue_plus, dk_vineyard_3, uniq_robin

Skill      XL: |  1  2  3 |
---------------+----------+-----
Armour         | 2 |  2.3
Dodging        | 1 |  1.1
Fighting       | |  3.7
Long Blades    | |  3.8

Action                   |  1- 3 |  4- 6 || total
-------------------------+-------+-------++-------
Melee: Falchion          |    51 |    42 ||    93
 Abil: Spit Poison       |     3 |     1 ||     4
  Use: Scroll            |     5 |       ||     5
       Potion            |       |     3 ||     3
Armor: Leather armour    |    38 |    61 ||    99
Dodge: Dodged            |    40 |    71 ||   111

Table legend: (Time is in decaauts)
 A = Elapsed time spent in this place.
 B = Non-inter-level travel time spent in this place.
 C = Inter-level travel time spent in this place.
 D = Time resting spent in this place.
 E = Time spent auto-exploring this place.
 F = Levels seen in this place.
 G = Mean time per level.
                   A        B        C        D        E       F      G
               +--------+--------+--------+--------+--------+-----+--------+
         Total |    906 |    906 |      0 |     85 |      0 |   2 |  453.0 |
       Dungeon |    906 |    906 |      0 |     85 |      0 |   2 |  453.0 |
               +--------+--------+--------+--------+--------+-----+--------+

Top non-repeatable levels by time:
     D:2: 494 daAuts
     D:1: 412 daAuts
